 Dungeon Crawl Stone Soup version 0.17.1-1-g73c8601 (webtiles) character file.

9757 DeXoteric the Transmogrifier (level 11, -10/91 HPs)
             Began as a Black Draconian Transmuter on Dec 21, 2015.
             Was a High Priest of Cheibriados.
             Mangled by a seven-headed hydra (12 damage)
             ... on level 2 of the Lair of Beasts.
             The game lasted 00:47:36 (17940 turns).

DeXoteric the Transmogrifier (DrTm)                Turns: 17940, Time: 00:47:36

Health: -10/91     AC: 11    Str: 23    XL:     11   Next: 27%
Magic:  0/17       EV: 13    Int: 28    God:    Cheibriados [*****.]
Gold:   505        SH:  0    Dex: 23    Spells: 3 memorised, 10 levels left

rFire  + . .     SeeInvis .       - Unarmed
rCold  . . .     Clarity  .     (armour unavailable)
rNeg   . . .     SustAt   .     (no shield)
rPois  +         Gourm    .     (helmet restricted)
rElec  +         Spirit   +     A - +0 cloak
rCorr  .         Warding  .     (no gloves)
rMut   .         Stasis   .     P - +2 pair of boots
MR     .....                    v - amulet of guardian spirit
Stlth  ++........               z - ring of poison resistance
                                J - ring of protection from fire

@: about to teleport, short of breath, appendage, very slow, not resistant to
hostile enchantments, unstealthy
A: breathe lightning, unfitting armour, horns 2, electricity resistance,
cold-blooded, AC +7
a: Breathe Lightning, End Transformation, Bend Time, Temporal Distortion,
Slouch, Step From Time, Renounce Religion


You were on level 2 of the Lair of Beasts.
You worshipped Cheibriados.
Cheibriados was extremely pleased with you.
You were hungry.
You had grown temporary horns.
You visited 3 branches of the dungeon, and saw 12 of its levels.

You collected 705 gold pieces.
You spent 200 gold pieces at shops.

Inventory:

Hand Weapons
 b - a +0 blowgun
Missiles
 u - 50 poisoned needles
 C - 61 arrows
 I - 14 curare-tipped needles
Armour
 A - a +0 cloak (worn)
 G - a +2 shield
 P - a +2 pair of boots (worn)
Jewellery
 k - an uncursed ring of protection from cold
 v - an amulet of guardian spirit (around neck)
 z - a ring of poison resistance (right hand)
 E - an uncursed ring of wizardry
 J - a ring of protection from fire (left hand)
Wands
 a - a wand of teleportation (5)
 p - a wand of fireball (6)
 K - a wand of fireball (6)
 N - a wand of invisibility (3)
Scrolls
 d - a scroll of blinking {unknown}
 f - 3 scrolls of fear {unknown}
 h - 4 scrolls of remove curse
 l - 5 scrolls of teleportation {unknown}
 m - 3 scrolls of amnesia {unknown}
 n - 4 scrolls of recharging {unknown}
 o - 4 scrolls of enchant armour {unknown}
 q - 3 scrolls of magic mapping {unknown}
 y - a scroll of immolation {unknown}
 H - 2 scrolls of random uselessness {unknown}
 L - a scroll of noise {unknown}
 O - a scroll of summoning {unknown}
Potions
 e - 2 potions of heal wounds
 g - a potion of lignification
 i - a potion of flight
 r - 2 potions of magic
 s - 3 potions of agility
 w - a potion of brilliance
 x - a potion of might
 B - a potion of ambrosia
 D - a potion of cure mutation
 F - 2 potions of curing
 R - a potion of resistance
Books
 t - a book of Changes

   Spells                             Type                      Level
   a - Beastly Appendage              Transmutation                1
   b - Sticks to Snakes               Transmutation                2
   c - Spider Form                    Transmutation/Poison         3
   d - Ice Form                       Ice/Transmutation            4
   e - Blade Hands                    Transmutation                5
Comestibles
 c - 8 bread rations
 j - 2 meat rations


   Skills:
 + Level 6.5 Fighting
 - Level 1.7 Dodging
 + Level 10.3 Unarmed Combat
 - Level 4.0 Spellcasting
 + Level 11.6 Transmutations
 + Level 6.1 Invocations


You had 10 spell levels left.
You knew the following spells:

 Your Spells              Type           Power        Failure   Level  Hunger
a - Beastly Appendage     Trmt           ######       1%          1    None
b - Blade Hands           Trmt           ######....   1%          5    #####..
s - Sticks to Snakes      Trmt           ######....   1%          2    None


Dungeon Overview and Level Annotations

Branches:
Dungeon (9/15)             Temple (1/1) D:6            Lair (2/8) D:9
    Orc: D:9-12

Altars:
Ashenzari
Cheibriados
Dithmenos
Elyvilon
Fedhas
Gozag
Kikubaaqudgha
Makhleb
Okawaru
Qazlal
Ru
Sif Muna
Trog
Vehumet
Xom
Yredelemnul
Zin
The Shining One

Shops:
D:4 =

Annotations:
D:4 AncientHorror's ghost, novice HOFi
D:6 Glider's ghost, novice GrCj


Innate Abilities, Weirdness & Mutations

You can breathe wild blasts of lightning.
Your glossy black scales are hard (AC +7).
Your body does not fit into most forms of armour.
You are resistant to electric shocks.
You are cold-blooded and may be slowed by cold attacks.
You have a pair of horns on your head.


Message History

Quiver which item? (- for none, * to show all) (? for menu, Esc to quit)
Okay, then.
Drink which item? (? for menu, Esc to quit)
Okay, then.
You don't have enough magic at the moment.
You feel strangely unstable.
This wand has 5 charges left.
The seven-headed hydra bites you.
* * * LOW HITPOINT WARNING * * *
The seven-headed hydra misses you. The seven-headed hydra bites you!
* * * LOW HITPOINT WARNING * * *
The seven-headed hydra closely misses you.
The seven-headed hydra bites you.
* * * LOW HITPOINT WARNING * * *
The seven-headed hydra misses you. The seven-headed hydra bites you.
* * * LOW HITPOINT WARNING * * *
The water moccasin bites you but does no damage.
The seven-headed hydra bites you!
* * * LOW HITPOINT WARNING * * *
The seven-headed hydra bites you!
You die...

......#.#.........
.............P.....
.............#.....
.............#.....
...................
......##.....#.≈≈≈≈
P#### ##....P.≈# #≈
##.DS...≈##≈≈≈≈
#P.d....≈#≈#≈≈≈
##......≈≈≈≈≈≈≈
##>...#........
#..............
##................##
###....#.≈##≈#P..P
#..#..≈#≈≈≈≈≈..# ##
#..#.###≈≈≈≈≈#.#
##.###.#..###≈≈≈≈≈≈.##


You could see a seven-headed hydra and a water moccasin.

Vanquished Creatures
  A hydra (Lair:1)
  Erolcha (D:8)
  Pikel (D:8)
  The ghost of Enrond the Destroyer, a novice DECj of Vehumet (D:7)
  Maurice (D:7)
  A spiny frog (Lair:1)
  2 komodo dragons
  3 blink frogs (Lair:1)
  A wyvern (D:8)
  A hungry ghost (D:7)
  A deep elf fighter (D:9)
  6 killer bees (D:8)
  A spriggan (D:9)
  2 hippogriffs
  4 water moccasins
  2 slaves (D:8)
  An orc warrior (D:9)
  2 porcupines (Lair:1)
  An ice beast (D:7)
  7 ogres
  4 phantoms
  4 sky beasts
  A black bear (Lair:2)
  2 crocodiles
  A big kobold (D:9)
  10 giant frogs
  2 jellies
  A scorpion (D:9)
  An electric eel (Lair:2)
  5 wights
  A giant frog zombie (D:5)
  4 crimson imps
  5 hounds
  3 iguanas
  Crazy Yiuf (D:5)
  A centaur skeleton (D:8)
  A giant frog skeleton (D:6)
  8 orc wizards
  8 worker ants
  A killer bee zombie (D:9)
  2 hound skeletons
  Robin (D:2)
  12 adders
  4 gnolls
  12 river rats (Lair:2)
  2 worker ant zombies
  2 shadow imps
  An ooze (D:3)
  An adder skeleton (D:4)
  2 worms
  7 giant geckos
  33 orcs
  13 bats
  7 giant cockroaches
  11 hobgoblins
  5 jackals
  3 quokkas
  A ball python (D:7)
  A giant gecko zombie (D:3)
  2 giant newts
  10 goblins
  9 kobolds
  A quokka skeleton (D:5)
  18 rats
264 creatures vanquished.

Vanquished Creatures (collateral kills)
  A scorpion (D:5)
  An adder (D:2)
  A shadow imp (D:5)
  A giant cockroach (D:8)
  A hobgoblin (D:2)
  A giant newt (D:2)
  A rat (D:2)
7 creatures vanquished.

Vanquished Creatures (others)
  A slave (D:8)
  An adder zombie (D:3)
  A quokka (D:8)
  A rat (D:3)
4 creatures vanquished.

Grand Total: 275 creatures vanquished

Notes
Turn   | Place    | Note
--------------------------------------------------------------
     0 | D:1      | DeXoteric the Draconian Transmuter began the quest for the Orb.
     0 | D:1      | Reached XP level 1. HP: 16/16 MP: 3/3
   937 | D:2      | Reached XP level 2. HP: 21/23 MP: 5/5
   957 | D:2      | Learned a level 2 spell: Sticks to Snakes
  1272 | D:2      | Reached XP level 3. HP: 14/28 MP: 1/6
  1721 | D:2      | Noticed Robin
  1976 | D:2      | Killed Robin
  2211 | D:2      | Reached XP level 4. HP: 20/35 MP: 1/7
  2356 | D:2      | Reached skill level 4 in Transmutations
  3012 | D:3      | Found a shimmering altar of Xom.
  3015 | D:3      | Found a shimmering altar of Xom.
  3016 | D:3      | Found a shimmering altar of Xom.
  3016 | D:3      | Found a shimmering altar of Xom.
  3023 | D:3      | Found a shimmering altar of Xom.
  3024 | D:3      | Found a shimmering altar of Xom.
  3030 | D:3      | Found a white marble altar of Elyvilon.
  3109 | D:3      | Reached XP level 5. HP: 34/40 MP: 8/8
  3217 | D:3      | Learned a level 5 spell: Blade Hands
  3222 | D:3      | Found an iron altar of Okawaru.
  4017 | D:4      | Reached skill level 5 in Transmutations
  4085 | D:4      | Noticed a phantom
  4256 | D:4      | Noticed an ogre
  4265 | D:4      | Killed an ogre
  4357 | D:4      | Found Cuptid's Jewellery Boutique.
  4488 | D:4      | Noticed AncientHorror's ghost (novice HOFi)
  4841 | D:4      | Found an ancient bone altar of Kikubaaqudgha.
  4934 | D:5      | Entered Level 5 of the Dungeon
  4951 | D:5      | Noticed a sky beast
  5140 | D:5      | Reached XP level 6. HP: 29/47 MP: 6/9
  5306 | D:5      | Reached skill level 6 in Transmutations
  5913 | D:5      | Found a stormy altar of Qazlal.
  6073 | D:5      | Found a blossoming altar of Fedhas.
  6193 | D:4      | Bought an uncursed ring of poison resistance for 200 gold pieces
  6323 | D:4      | Killed a phantom
  6323 | D:4      | Reached skill level 7 in Transmutations
  6323 | D:4      | Your scales start taking on a glossy black colour.
  6323 | D:4      | Gained mutation: You are resistant to electric shocks. [Black Draconian growth]
  6323 | D:4      | Reached XP level 7. HP: 18/52 MP: 3/10
  6557 | D:5      | Killed a sky beast
  6669 | D:5      | Noticed Crazy Yiuf
  6670 | D:5      | Killed Crazy Yiuf
  6741 | D:6      | Noticed Glider's ghost (novice GrCj)
  6877 | D:5      | Reached skill level 8 in Transmutations
  8218 | D:6      | Reached XP level 8. HP: 55/59 MP: 8/11
  8728 | D:6      | Found a shadowy altar of Dithmenos.
  8891 | D:6      | Reached skill level 5 in Unarmed Combat
  9482 | D:6      | Found a staircase to the Ecumenical Temple.
  9493 | Temple   | Entered the Ecumenical Temple
  9526 | Temple   | Became a worshipper of Cheibriados the Contemplative
 10381 | D:7      | Noticed Enrond's ghost (novice DECj)
 10532 | D:7      | Killed Enrond's ghost
 10532 | D:7      | Reached skill level 9 in Transmutations
 10565 | D:6      | Reached * piety under Cheibriados
 11299 | D:7      | Reached XP level 9. HP: 64/64 MP: 15/15
 12139 | D:7      | Identified a +0 rod of shadows (14/14) (You found it on level 7 of the Dungeon)
 12267 | D:7      | Reached skill level 10 in Transmutations
 12313 | D:8      | Noticed Maurice
 12323 | D:7      | Killed Maurice
 12524 | D:8      | Noticed Pikel
 12545 | D:8      | Killed Pikel
 12681 | D:8      | Reached ** piety under Cheibriados
 12930 | D:8      | Reached XP level 10. HP: 75/75 MP: 11/16
 13143 | D:8      | Noticed Erolcha
 13471 | D:8      | Killed Erolcha
 14214 | D:8      | Found a deep blue altar of Sif Muna.
 14215 | D:8      | Found a bloodstained altar of Trog.
 14270 | D:9      | Reached *** piety under Cheibriados
 14482 | D:9      | Found a radiant altar of Vehumet.
 14483 | D:9      | Found a burning altar of Makhleb.
 14816 | D:9      | Reached **** piety under Cheibriados
 14925 | D:9      | Found a staircase to the Lair.
 14930 | D:9      | Reached skill level 11 in Transmutations
 15444 | D:9      | Reached skill level 5 in Fighting
 15696 | Lair:1   | Entered Level 1 of the Lair of Beasts
 15738 | Lair:1   | Noticed a four-headed hydra
 15753 | Lair:1   | Killed a four-headed hydra
 15753 | Lair:1   | Reached skill level 5 in Invocations
 16083 | Lair:1   | Reached skill level 10 in Unarmed Combat
 16477 | Lair:1   | Reached XP level 11. HP: 89/89 MP: 11/17
 17094 | Lair:1   | Reached ***** piety under Cheibriados
 17573 | Lair:2   | Got a warped amber ring
 17577 | Lair:2   | Identified the ring "Ywaatzel" {+Fly Str+4} (You found it on level 2 of the Lair of Beasts)
 17931 | Lair:2   | Noticed a seven-headed hydra
 17940 | Lair:2   | HP: 2/91 [seven-headed hydra (10)]
 17940 | Lair:2   | Mangled by a seven-headed hydra

Action                   |  1- 3 |  4- 6 |  7- 9 | 10-12 || total
-------------------------+-------+-------+-------+-------++-------
Melee: Unarmed           |   128 |   304 |   495 |   281 ||  1208
 Cast: Sticks to Snakes  |    11 |    17 |       |     1 ||    29
       Beastly Appendage |       |    25 |    25 |     2 ||    52
       Blade Hands       |       |       |     5 |    29 ||    34
Invok: Bend Time         |       |       |       |     5 ||     5
       Slouch            |       |       |       |     1 ||     1
 Abil: Breathe Lightning |       |       |    11 |     3 ||    14
Evoke: Wand              |       |       |       |     2 ||     2
  Use: Scroll            |       |     6 |     1 |     9 ||    16
       Potion            |       |     2 |       |     2 ||     4
 Stab: Sleeping          |       |     1 |       |     1 ||     2
       Distracted        |       |     3 |       |     1 ||     4
  Eat: Chunk             |     5 |     9 |    12 |    13 ||    39
       Meat ration       |       |     1 |     2 |       ||     3
       Bread ration      |       |       |     1 |       ||     1
       Beef jerky        |       |       |       |     2 ||     2
       Pizza             |       |       |       |     1 ||     1
